Map: 16 bits EE

Players

chenkaiser

  • Race: Terran Terran
  • League: Platinum
  • Spawn Location: 1:00

DarthJulius - Winner!

  • Race: Protoss Protoss
  • League: Platinum
  • Spawn Location: 7:00

VOD

Have the link to the VOD?

Description

Time

  • Played on: July 18, 2018, 10:59 p.m.
  • Length: 10:27
Show
View Real Time Build Order
Export as new Build Order

chenkaiser Terran 

Build Orders: Liberator Opening 

Get SALT Encoding   

  12  0:01  SCV  
  13  0:13  SCV  
  14  0:18  Supply Depot  
  14  0:25  SCV  
  15  0:39  SCV  
  15  0:42  Barracks  
  16  0:47  Refinery  
  16  0:51  SCV  
  17  1:02  Supply Depot  
  17  1:04  SCV  
  18  1:16  SCV  
  19  1:28  SCV  
  19  1:30  Reaper  
  21  1:42  SCV, Refinery  
  22  1:54  SCV  
  23  2:06  SCV  
  23  2:08  Marine, Factory  
  25  2:18  SCV  
  26  2:26  Marine  
  27  2:30  Command Center  
  27  3:01  Marine  
  27  3:02  Widow Mine  
  27  3:04  Starport  
  30  3:10  Orbital Command  
  30  3:14  Engineering Bay  
  30  3:28  Supply Depot  
  30  3:36  Marine  
  31  3:41  Medivac  
  31  3:42  Widow Mine  
  31  3:45  Barracks  
  31  3:46  SCV  
  36  3:56  Liberator, SCV  
  36  3:58  SCV  
  38  4:11  Supply Depot, Barracks Reactor  
  41  4:24  Cyclone  
  41  4:30  Supply Depot, SCV  
  45  4:37  Missile Turret  
  31  5:05  Missile Turret  
  31  5:07  SCV  
  32  5:19  SCV  
  33  5:26  Marine  
  31  5:33  Starport Tech Lab  
  31  5:35  SCV  
  29  5:47  SCV  
  30  5:59  SCV  
  30  6:06  Starport Tech Lab  
  30  6:11  SCV  
  31  6:24  SCV  
  32  6:31  Missile Turret  
  32  6:32  Cyclone  
  35  6:35  Supply Depot  
  35  6:36  SCV  
  36  6:48  SCV  
  37  6:55  Starport  
  37  6:59  Supply Depot  
  37  7:00  SCV  
  38  7:06  Widow Mine  
  39  7:12  SCV  
  39  7:14  Barracks, Marine  
  41  7:20  Supply Depot  
  41  7:24  Terran Infantry Weapons Level 1, SCV  
  41  7:27  Supply Depot  
  42  7:36  SCV  
  40  7:55  SCV  
  41  8:02  Widow Mine  
  41  8:04  Supply Depot  
  43  8:08  Barracks Tech Lab  
  43  8:28  Barracks Reactor  
  43  8:32  Cyclone  
  46  8:41  Supply Depot  
  45  8:57  SCV  
  46  9:09  Marauder  
  51  9:10  Barracks  
  51  9:13  Raven  
  50  9:36  SCV  
  38  9:48  SCV  
  35  9:53  Cyclone  
  37  10:01  SCV  
  38  10:13  SCV  
Show
View Real Time Build Order
Export as new Build Order

DarthJulius Protoss - Winner!

Build Orders: Zealot Archon, Dark Templar Rush 

Get SALT Encoding   

  12  0:01  Probe  
  13  0:14  Pylon  
  13  0:19  Probe  
  14  0:32  Gateway  
  14  0:38  Assimilator, Probe  
  15  0:47  Probe  
  15  0:53  Assimilator  
  15  0:56  Probe  
  17  1:08  Probe  
  18  1:20  Probe  
  18  1:22  Cybernetics Core  
  19  1:32  Probe  
  20  1:38  Pylon  
  20  1:44  Probe  
  21  1:56  Probe  
  21  2:00  Twilight Council, Warp Gate  
  22  2:08  Probe  
  22  2:09  Gateway  
  23  2:23  Adept  
  23  2:25  Robotics Facility  
  24  3:00  Dark Shrine  
  24  3:02  Warp Prism  
  24  3:08  Probe  
  27  3:36  Nexus  
  27  3:42  Pylon  
  27  3:51  Probe  
  28  4:13  Dark Templar x2  
  32  4:24  Gateway  
  32  4:46  Dark Templar  
  32  4:47  Dark Templar  
  36  4:54  Gateway  
  24  5:28  Probe  
  24  5:36  Probe, Dark Templar x2  
  29  5:46  Probe  
  30  6:09  Zealot x2  
  34  6:11  Charge  
  34  6:15  Probe  
  34  6:17  Probe  
  36  6:27  Probe  
  36  6:29  Probe  
  38  6:35  Zealot  
  36  6:50  Probe  
  36  6:51  Probe  
  36  6:52  Stalker  
  36  6:58  Probe  
  39  7:11  Archon  
  39  7:14  Archon x2  
  39  7:21  Probe  
  39  7:22  Probe  
  41  7:26  Zealot x2  
  37  7:50  Stalker  
  37  7:51  Stalker x2  
  39  7:55  Sentry  
  41  8:03  Probe  
  42  8:09  Probe  
  43  8:17  Probe x2  
  43  8:19  Pylon  
  43  8:25  Probe  
  45  8:28  Pylon  
  46  8:35  Adept  
  46  8:37  Adept  
  50  8:45  Adept  
  52  8:54  Probe x2  
  52  8:55  Zealot  
  54  9:02  Probe x2  
  52  9:05  Zealot  
  52  9:07  Zealot  
  46  9:29  Stalker x3  
  46  9:30  Stalker  
  46  10:00  Stalker x3  
  46  10:01  Stalker  
  46  10:24  Stalker x4  
Tags
 
Add a new tag
Caveats
  • Supply blocks, unpowered buildings, or Contaminate may cause inaccurate times.
  • Supply counts are checked every 10 seconds.